 Dungeon Crawl Stone Soup version 0.31-a0-557-g6e16503903 (webtiles) character file.

Game seed: 10587817248661632263

91 Destinykillz the Gusty (level 4, -2/3 HPs)
             Began as a Draconian Air Elementalist on Aug 17, 2023.
             Slain by Grinder (5 damage)
             ... on level 3 of the Dungeon.
             The game lasted 00:12:18 (2441 turns).

Destinykillz the Gusty (Draconian Air Elementalist) Turns: 2441, Time: 00:12:18

Health: -2/3       AC:  5    Str: 10    XL:     4   Next: 33%
Magic:  7/7        EV: 12    Int: 17    God:
Gold:   226        SH:  0    Dex: 12    Spells: 6/7 levels left

rFire   . . .        k - melded +0 spear
rCold   . . .        (shield currently unavailable)
rNeg    . . .        (body armour unavailable)
rPois   .            (helmet restricted)
rElec   .            (no cloak)
rCorr   .            (gloves currently unavailable)
SInv    .            (no boots)
Will    .....        b - amulet of magic regeneration
Stlth   ++           j - ring of wizardry
HPRegen 0.20/turn    (no ring)
MPRegen 0.50/turn

%: wizardry (x1)
@: blade hands
A: reduced hp, AC +5, unfitting armour, cold-blooded
a: Begin Untransformation


You were on level 3 of the Dungeon.
You had blades for hands.
You visited 1 branch of the dungeon, and saw 3 of its levels.

You collected 226 gold pieces.

Inventory:

Hand Weapons
 g - a +0 short sword
 k - a +0 spear (melded)
Jewellery
 b - an amulet of magic regeneration (around neck)
 j - a ring of wizardry (left blade hand)
 p - a ring of resist corrosion
Talismans
 u - a blade talisman (active)
Wands
 r - a wand of iceblast (9)
Scrolls
 c - a scroll of fear {unknown}
 d - a scroll of vulnerability {unknown}
 e - 4 scrolls of identify {unknown}
 h - a scroll of enchant weapon {unknown}
 q - a scroll of blinking {unknown}
 s - a scroll of immolation {unknown}
 t - a scroll of enchant armour {unknown}
Potions
 a - 2 potions of magic
 f - 3 potions of curing {unknown}
 i - a potion of cancellation {unknown}
 l - 2 potions of heal wounds {unknown}
 m - 2 potions of enlightenment {unknown}
 n - a potion of degeneration {unknown}
 o - a potion of haste {unknown}


   Skills:
 + Level 1.3 Fighting
 - Level 1.7 Dodging
 * Level 2.7 Stealth
 + Level 2.4 Spellcasting
 * Level 2.1 Conjurations
 * Level 3.5 Air Magic


You had 6 spell levels left.
You knew the following spells:

 Your Spells              Type           Power      Damage    Failure   Level
a - Shock                 Conj/Air       44%        1d5       2%          1

Your spell library contained the following spells:

 Spells                   Type           Power      Damage    Failure   Level
 Static Discharge         Conj/Air       22%        2-3/arc   3%          2
 Swiftness                Air            14%        N/A       5%          3
 Airstrike                Air            7%         2d(1-17)  17%         4
 Inner Flame              Hex/Fire       2%         N/A       22%         3
 Yara's Violent Unravell  Hex/Tmut       1%         3d3       87%         5
 Enfeeble                 Hex            1%         N/A       100%        7


Dungeon Overview and Level Annotations

Branches:
Dungeon (3/15)

Altars:

Shops:
D:1 :   D:3 [

Annotations:
D:3 Grinder


Innate Abilities, Weirdness & Mutations

You have blades for hands.
Your maximum health is decreased, since you lack skill for your form.
Your spellcasting is less reliable in this form.
You are incapable of wielding weapons or throwing items.
Your plain brown scales are hard. (AC +5)
You cannot fit into any form of body armour.
You are cold-blooded and may be slowed by cold attacks.


Message History

Confirm with . or Enter, or press ? or * to list all spells.
Aiming: Shock (safe; 2% risk of failure)
Press: ? - help, Shift-Dir - straight line, f/p - kobold
Aim: a kobold, wielding a +0 short sword and quivering stones (60% to hit)
The zap hits the kobold.
You kill the kobold!
Casting: Shock (safe; 2% risk of failure)
Confirm with . or Enter, or press ? or * to list all spells.
You can't see any susceptible monsters within range! (Use Z to cast anyway.)
You now have 226 gold pieces (gained 18).
Found a blade talisman.
Grinder comes into view.
Grinder shouts!
Press: ? - help, v - describe, . - travel, g - get item Item here: a blade talisman.
The floor.
Grinder gestures at you. Pain shoots through your body!
Grinder blinks!
You see here a blade talisman.
u - a blade talisman Grinder gestures at you.
You resist with significant effort.
Grinder is nearby!
You begin transforming.
You continue transforming.
Grinder says, "FISH!"
Grinder misses you.
You continue transforming.
Grinder gestures at you. Pain shoots through your body!
You continue transforming.
Grinder gestures at you. Pain shoots through your body!
Your hands turn into razor-sharp scythe blades.
Your +0 spear melds into your body.
HP restored.
You hit Grinder.
Grinder is lightly wounded.
Grinder hits you.
Ouch! That really hurt!
You die...

#.. #.......##..#.# ##)###.
#5. ###.######..#.# #....# #..
#######.## #..#.# #.#.## ..
.....#...#####..#.# #.#.# #.
#............#.# #.#.#
#.#######...######.#.#####.#.#
#..5.5..##.## #.........#.#
#######.##.#######...#######.#
#......5@..##.## #.#
####...............)...#
##################


You could see Grinder.

Vanquished Creatures
  2 adders
  2 worms (D:2)
  A dart slug (D:1)
  5 orcs (D:3)
  2 endoplasms
  2 giant cockroaches
  4 goblins
  7 hobgoblins
  3 quokkas
  2 ball pythons
  7 bats
  3 frilled lizards
  7 kobolds
  15 rats
62 creatures vanquished.

Notes
Turn   | Place    | Note
-------+----------+-------------------------------------------
     0 | D:1      | Destinykillz the Draconian Air Elementalist began the quest
                  | for the Orb.
     0 | D:1      | Reached XP level 1. HP: 14/14 MP: 3/3
   204 | D:1      | Found Emuomuc's Book Shoppe.
   588 | D:1      | Reached XP level 2. HP: 20/20 MP: 1/5
  1056 | D:2      | Reached XP level 3. HP: 27/27 MP: 3/6
  1372 | D:2      | Reached skill level 1 in Fighting
  1949 | D:3      | Reached XP level 4. HP: 26/35 MP: 5/7
  2316 | D:3      | Found Plog's Antique Armour Shoppe.
  2421 | D:3      | Noticed Grinder
  2441 | D:3      | Slain by Grinder

Illustrated notes

Levels and vault maps discovered:
D:1:      tarquinn_simple_flora_water_f, layout_rooms, serial_shops, shop,
          columned_hall_lemuel, amcnicky_mini_pool_small
D:2:      layout_loops_corners, minmay_rat_gold_closets
D:3:      layout_loops_ring, serial_shops, nicolae_shop_advertising_works
          [nicolae_subvault_shop_adworks], uniq_grinder

Skill      XL: |  1  2  3 |
---------------+----------+-----
Stealth        | 2 |  2.7
Fighting       | 1 |  1.3
Conjurations   | 2 |  2.1
Dodging        | |  1.7
Spellcasting   | |  2.4
Air Magic      | |  3.5

Action                     |  1- 3 |  4- 6 || total
---------------------------+-------+-------++-------
  Melee: Spear             |     4 |     1 ||     5
         Short sword       |     1 |       ||     1
         Unarmed           |       |     1 ||     1
   Cast: Shock             |   114 |    30 ||   144
 Armour: Skin              |     6 |     4 ||    10
  Dodge: Dodged            |    23 |     2 ||    25
   Form: Blade             |       |     1 ||     1

Table legend: (Time is in decaauts)
 A = Elapsed time spent in this place.
 B = Non-inter-level travel time spent in this place.
 C = Inter-level travel time spent in this place.
 D = Time resting spent in this place.
 E = Time spent auto-exploring this place.
 F = Levels seen in this place.
 G = Mean time per level.
                   A        B        C        D        E       F      G
               +--------+--------+--------+--------+--------+-----+--------+
         Total |   2439 |   2360 |     79 |    361 |   1070 |   3 |  813.0 |
       Dungeon |   2439 |   2360 |     79 |    361 |   1070 |   3 |  813.0 |
               +--------+--------+--------+--------+--------+-----+--------+

Top non-repeatable levels by time:
     D:2: 1081 daAuts
     D:1: 729 daAuts
     D:3: 628 daAuts
